 Dungeon Crawl Stone Soup version 0.31-a0-924-ge39a22a033 (webtiles) character file.

Game seed: 6893810168702769214

908367 gyole the Impregnable (level 27, -2/219 HPs)
             Began as a Demonspawn Fighter on Oct 18, 2023.
             Was the Champion of Lugonu.
             Killed from afar by a hellion (30 damage)
             ... with damnation
             ... on level 2 of the Iron City of Dis.
             The game lasted 06:38:18 (148066 turns).

gyole the Impregnable (Demonspawn Fighter)        Turns: 148066, Time: 06:38:20

Health: -2/219     AC: 58    Str: 32      XL:     27
Magic:  47/47      EV: 17    Int:  6      God:    Lugonu [******]
Gold:   6261       SH: 37    Dex: 20 (21) Spells: 33/41 levels left

rFire   + + +        c - +5 sling "Ikluylee" {heavy, MP+9 Str+3}
rCold   + + +        h - +10 tower shield of Ignorance {rN+ Int-4}
rNeg    + + .        f - +17 crystal plate armour "Guedee" {rF+}
rPois   +            (helmet unavailable)
rElec   +            H - scarf {shadows}
rCorr   .            R - +3 Mad Mage's Maulers {Infuse+∞ VampMP -Cast}
SInv    +            v - +2 pair of boots {Fly}
Will    +++++        W - amulet of Otsialis {Reflect rN+ SH+5} Stlth
                     M - ring of Zyerafy {Wiz rPois rC++ Dex+3 Slay+2}
HPRegen 0.56/turn    d - ring "Hapopy" {Drain rElec rF+++ Will++ Dex+6}
MPRegen 0.30/turn

%: no spellcasting, reflection, wizardry (x1), infuse magic (47 MP)
@: mighty, agile, flying, studying Staves, corroded
A: antennae 3, icy blue scales 3, hurl damnation, icemail 2, powered by pain 3,
torment resistance 1, condensation shield, demonic willpower, thin skeletal
structure 1, clumsy 2, heat vulnerability 1
}: 8/15 runes: decaying, serpentine, slimy, silver, obsidian, icy, bone, abyssal
a: Hurl Damnation, Renounce Religion, Depart the Abyss, Banish, Corrupt, Enter
the Abyss


You were on level 2 of the Iron City of Dis.
You worshipped Lugonu.
Lugonu was exalted by your worship.
You visited 17 branches of the dungeon, and saw 77 of its levels.
You visited the Abyss 2 times.
You also visited: Trove, Ice Cave and Wizlab.

You collected 13666 gold pieces.
You spent 7405 gold pieces at shops.

Inventory:

Hand Weapons
 a - a +9 heavy demon trident
 b - a +9 demon trident of distortion
 c - the +5 sling "Ikluylee" (weapon) {heavy, MP+9 Str+3}
   (You found it on level 7 of Tartarus)

   Str+3:     It affects your strength (+3).
   MP+9:      It affects your magic capacity (+9).
 D - a +5 broad axe of distortion
 P - the +10 demon trident of Imminent Death {vamp, Will+ rCorr Str+2 Dex+3}
   (You acquired it on level 15 of the Dungeon)

   Str+2:     It affects your strength (+2).
   Dex+3:     It affects your dexterity (+3).
   Will+:     It increases your willpower.
   rCorr:     It protects you from acid and corrosion.
Armour
 f - the +17 crystal plate armour "Guedee" (worn) {rF+}
   (You found it in an ice cave)

   rF+:       It protects you from fire.
 h - the +10 tower shield of Ignorance (worn) {rN+ Int-4}
   (You found it on level 7 of Tartarus)

   Int-4:     It affects your intelligence (-4).
   rN+:       It protects you from negative energy.
 v - a +2 pair of boots of flying (worn)
 H - a scarf of shadows (worn)
 R - the +3 Mad Mage's Maulers (worn) {Infuse+∞ VampMP -Cast}
   (Okawaru gifted it to you on level 10 of the Dungeon)

   Infuse+∞: It empowers its wearer's blows with all of their magic.
   VampMP:    Blows struck in melee replenish the wearer's magic.
   -Cast:     It prevents spellcasting.
Jewellery
 d - the ring "Hapopy" (right hand) {Drain rElec rF+++ Will++ Dex+6}
   (You took it off a deep elf demonologist on level 3 of the Elven Halls)

   [ring of dexterity]

   Dex+6:     It affects your dexterity (+6).
   rF+++:     It renders you almost immune to fire.
   rElec:     It insulates you from electricity.
   Will++:    It greatly increases your willpower.
   Drain:     It drains your maximum health when unequipped.
 k - the amulet of the Hidden Nights {Regen+ Str+3}
   (You found it in a treasure trove)

   [amulet of regeneration]

   Str+3:     It affects your strength (+3).
   Regen+:    It increases your rate of health regeneration.
 q - the ring of Xovvyjon {rElec rC+ EV+5}
   (You found it on level 7 of Tartarus)

   [ring of evasion]

   EV+5:      It affects your evasion (+5).
   rC+:       It protects you from cold.
   rElec:     It insulates you from electricity.
 x - the ring of the Screaming Gods {rN++ MP+9 AC+4}
   (You found it on level 5 of the Dungeon)

   [ring of protection]

   AC+4:      It affects your AC (+4).
   rN++:      It greatly protects you from negative energy.
   MP+9:      It affects your magic capacity (+9).
 z - the amulet "Vecoad" {RegenMP -Tele Regen+ Dex+5}
   (You took it off a deep elf blademaster on level 3 of the Elven Halls)

   [amulet of magic regeneration]

   RegenMP:   It increases your rate of magic regeneration.
   Dex+5:     It affects your dexterity (+5).
   -Tele:     It prevents most forms of teleportation.
   Regen+:    It increases your rate of health regeneration.
 M - the ring of Zyerafy (left hand) {Wiz rPois rC++ Dex+3 Slay+2}
   (You found it in a treasure trove)

   [ring of wizardry]

   Wiz:       It improves your spell success rate.
   Dex+3:     It affects your dexterity (+3).
   Slay+2:    It affects your accuracy & damage with ranged weapons and melee
   (+2).
   rC++:      It greatly protects you from cold.
   rPois:     It protects you from poison
 W - the amulet of Otsialis (around neck) {Reflect rN+ SH+5}
   (You found it on level 5 of the Vaults)

   [amulet of reflection]

   Reflect:   It reflects blocked missile attacks.
   rN+:       It protects you from negative energy.
   SH+5:      It affects your SH (+5).
Talismans
 Z - a granite talisman
Wands
 y - a wand of iceblast (63)
 U - a wand of quicksilver (8)
 V - a wand of digging (3)
Scrolls
 g - 10 scrolls of poison
 i - 9 scrolls of noise
 j - 17 scrolls of teleportation
 t - 4 scrolls of fog
 A - 12 scrolls of vulnerability
 B - 3 scrolls of silence
 E - 6 scrolls of revelation
 I - 5 scrolls of summoning
 J - 5 scrolls of fear
 N - 12 scrolls of immolation
 Q - 7 scrolls of blinking
Potions
 e - 6 potions of enlightenment
 m - 4 potions of mutation
 n - 10 potions of attraction
 r - 6 potions of curing
 s - 2 potions of invisibility
 u - 5 potions of lignification
 C - a potion of cancellation
 F - 5 potions of berserk rage
 G - a potion of might
 S - 3 potions of resistance
 T - 4 potions of haste
 X - 4 potions of magic
Miscellaneous
 p - a phantom mirror (inert)
 w - a lightning rod (4/4)
 K - a phial of floods (inert)
 O - a box of beasts (inert)
 Y - a tin of tremorstones (2/2)


   Skills:
 + Level 18.7 Fighting
 - Level 15.8(18.5) Axes
 + Level 16.0(18.6) Polearms
 - Level 12.4 Throwing
 - Level 23.0 Armour
 + Level 9.5 Dodging
 - Level 10.0 Shields
 + Level 7.8 Spellcasting
 + Level 13.9 Translocations
 - Level 13.5 Transmutations
 + Level 10.1 Air Magic
 - Level 9.0 Earth Magic
 + Level 22.8 Invocations
 + Level 13.9 Evocations
 * Level 17.9 Shapeshifting


You had 33 spell levels left.
You knew the following spells:

 Your Spells              Type           Power      Damage    Failure   Level
a - Blink                 Tloc           38%        N/A       1%          2
b - Passwall              Tmut/Erth      12%        N/A       2%          2
c - Vhi's Electric Charg  Tloc/Air       32%        N/A       12%         4

Your spell library contained the following spells:

 Spells                   Type           Power      Damage    Failure   Level
 Lesser Beckoning         Tloc           38%        N/A       1%          2
 Wereblood                Tmut           18%        N/A       1%          2
 Gell's Gravitas          Tloc           19%        N/A       1%          3
 Teleport Other           Tloc           19%        N/A       1%          3
 Manifold Assault         Tloc           19%        N/A       5%          4
 Passage of Golubria      Tloc           19%        N/A       5%          4
 Swiftness                Air            14%        N/A       8%          3
 Sting                    Tmut/Pois      40%        1d5       11%         1
 Momentum Strike          Conj/Tloc      20%        3d8       14%         2
 Petrify                  Tmut/Erth      15%        N/A       16%         4
 Shock                    Conj/Air       32%        1d5       21%         1
 Airstrike                Air            7%         2d(1-17)  26%         4
 Poisonous Vapours        Pois/Air       16%        N/A       30%         2
 Static Discharge         Conj/Air       16%        2-3/arc   30%         2
 Cigotuvi's Dreadful Rot  Necr/Pois/Air  12%        N/A       50%         2
 Ignite Poison            Fire/Tmut/Pois 7%         N/A       58%         3
 Dispersal                Tloc           9%         N/A       58%         6
 Lee's Rapid Deconstruct  Erth           6%         3d6*      71%         5
 Mephitic Cloud           Conj/Pois/Air  6%         N/A       73%         3
 Freeze                   Ice            8%         1d3       82%         1
 Kiss of Death            Conj/Necr      8%         2d6       82%         1
 Magic Dart               Conj           8%         1d3       82%         1
 Slow                     Hex            8%         N/A       82%         1
 Summon Small Mammal      Summ           8%         N/A       82%         1
 Summon Lightning Spire   Summ/Air       8%         N/A       87%         4
 Ensorcelled Hibernation  Hex/Ice        4%         N/A       91%         2
 Jinxbite                 Hex            4%         N/A       91%         2
 Scorch                   Fire           4%         2d5       91%         2
 Searing Ray              Conj           4%         2d4       91%         2
 Sublimation of Blood     Necr           2%         N/A       91%         2
 Leda's Liquefaction      Hex/Erth       3%         N/A       92%         4
 Summon Forest            Summ/Tloc      5%         N/A       92%         5
 Yara's Violent Unravell  Hex/Tmut       5%         3d4       94%         5
 Confusing Touch          Hex            2%         N/A       99%         3
 Dazzling Flash           Conj/Hex       4%         N/A       99%         3
 Frozen Ramparts          Ice            4%         1d1       99%         3
 Hailstorm                Conj/Ice       2%         3d3       99%         3
 Inner Flame              Hex/Fire       2%         N/A       99%         3
 Ozocubu's Armour         Ice            2%         N/A       99%         3
 Sigil of Binding         Hex            2%         N/A       99%         3
 Summon Guardian Golem    Hex/Summ       2%         N/A       99%         3
 Tukima's Dance           Hex            2%         N/A       99%         3
 Vampiric Draining        Necr           2%         2d6       99%         3
 Arcjolt                  Conj/Air       4%         1d14      99%         5
 Borgnjor's Vile Clutch   Necr/Erth      3%         N/A       99%         5
 Silence                  Hex/Air        4%         N/A       99%         5
 Anguish                  Hex/Necr       1%         N/A       100%        4
 Animate Dead             Necr           2%         N/A       100%        4
 Cause Fear               Hex            1%         N/A       100%        4
 Dispel Undead            Necr           2%         3d7       100%        4
 Flame Wave               Conj/Fire      2%         2d4       100%        4
 Fulminant Prism          Conj/Hex       1%         3d5       100%        4
 Olgreb's Toxic Radiance  Pois           2%         N/A       100%        4
 Sticky Flame             Conj/Fire      2%         2d3       100%        4
 Summon Ice Beast         Ice/Summ       2%         N/A       100%        4
 Agony                    Necr           2%         N/A       100%        5
 Fireball                 Conj/Fire      1%         3d3       100%        5
 Freezing Cloud           Conj/Ice/Air   3%         6-21      100%        5
 Iskenderun's Battlesphe  Conj           2%         2d6       100%        5
 Summon Mana Viper        Hex/Summ       2%         N/A       100%        5
 Bombard                  Conj/Erth      3%         9d1       100%        6
 Conjure Ball Lightning   Conj/Air       4%         3x3d6     100%        6
 Death Channel            Necr           1%         N/A       100%        6
 Eringya's Noxious Bog    Tmut/Pois      5%         4d6       100%        6
 Plasma Beam              Fire/Air       4%         2x1d14    100%        6
 Simulacrum               Ice/Necr       1%         N/A       100%        6
 Starburst                Conj/Fire      1%         6d3       100%        6
 Enfeeble                 Hex            1%         N/A       100%        7
 Haunt                    Necr/Summ      1%         N/A       100%        7
 Monstrous Menagerie      Summ           1%         N/A       100%        7
 Orb of Destruction       Conj           1%         9d5       100%        7
 Ozocubu's Refrigeration  Ice            1%         4d7       100%        7
 Summon Hydra             Summ           1%         N/A       100%        7
 Borgnjor's Revivificati  Necr           1%         N/A       100%        8
 Discord                  Hex            1%         N/A       100%        8
 Disjunction              Tloc           9%         N/A       100%        8
 Ignition                 Fire           1%         3d3       100%        8
 Infestation              Necr           1%         N/A       100%        8
 Lehudib's Crystal Spear  Conj/Erth      3%         10d3      100%        8
 Maxwell's Capacitive Co  Air            7%         ∞         100%        8
 Chain Lightning          Conj/Air       4%         3d5       100%        9
 Death's Door             Necr           1%         N/A       100%        9
 Dragon's Call            Summ           1%         N/A       100%        9
 Fire Storm               Conj/Fire      1%         7d1       100%        9
 Shatter                  Erth           6%         3d9*      100%        9


Dungeon Overview and Level Annotations

Branches:
Dungeon (15/15)            Temple (1/1) D:5            Lair (5/5) D:9
  Swamp (4/4) Lair:2        Snake (4/4) Lair:3        Slime (5/5) Lair:4
    Orc (2/2) D:10            Elf (3/3) Orc:2        Vaults (5/5) D:14
  Crypt (3/3) Vaults:2       Tomb (2/3) Crypt:3      Depths (4/4) D:15
   Hell (visited)             Dis (2/7) Hell            Geh (7/7) Hell
    Coc (7/7) Hell            Tar (7/7) Hell            Zot (0/5) Depths:4
  IceCv (visited)          WizLab (visited)

Altars:
Ashenzari
Cheibriados
Dithmenos
Fedhas
Gozag
Hepliaklqana
Kikubaaqudgha
Makhleb
Nemelex Xobeh
Okawaru
Qazlal
Ru
Sif Muna
Trog
Uskayaw
Vehumet
Wu Jian
Xom
Yredelemnul
Jiyva
Lugonu

Shops:
D:6 !(*:   D:7 (   D:10 !   D:11 ?(?   D:15 [*!(   Orc:1 *   Orc:2 ?*[*
Elf:1 *   Elf:3 (   Snake:2 :=:   Snake:3 ?*=*(*?[   Vaults:1 *   Vaults:2 :*
Vaults:3 [   Depths:1 ==*=   Depths:4 ?

Portals:
Hell: Depths:1 Depths:2 Depths:3 Depths:4
Abyss: Depths:3
Pandemonium: Depths:1 Depths:2 Depths:3 Depths:4
Ziggurat: Depths:4

Annotations:
D:7 exclusion: 3 upstairs
D:15 Roxanne
Tomb:1 corrupted
Tomb:2 corrupted
Hell corrupted
Geh:6 corrupted
Geh:7 corrupted
Coc:1 corrupted
Coc:7 corrupted
Tar:5 corrupted
Tar:7 corrupted


Innate Abilities, Weirdness & Mutations

You have a pair of large antennae on your head. (SInv)
You are completely covered in icy blue scales. (AC +4, rC+)
You can hurl damnation.
A meltable icy envelope protects you from harm. (AC +8)
You are powered by pain.
You are resistant to unholy torment.
A meltable shield of frost defends you. (SH +4)
You punish those that try to bend your will. (Will+)
You have a somewhat thin skeletal structure. (Dex +2, Stealth+)
You are very clumsy. (Dex -4)
You are vulnerable to heat. (rF-)


Message History

Press: ? - help, Q - select action, (/) - cycle Shift-Dir - straight line, f/p - hellion
Aim: a hellion (lightly wounded, 74% to hit)
You shoot a sling bullet. The sling bullet hits the hellion!
The hellion is heavily wounded.
The hellion gestures at you.
The sphere of damnation explodes!
The damnation engulfs you!!
Fire: c) +5 sling "Ikluylee" {heavy, MP+9 Str+3}
Press: ? - help, Q - select action, (/) - cycle Shift-Dir - straight line, f/p - hellion
Aim: a hellion (heavily wounded, 74% to hit)
You shoot a sling bullet.
The sling bullet hits the hellion but does no damage.
The hellion is heavily wounded.
The hellion gestures at you.
The sphere of damnation explodes!
The damnation engulfs you!
You focus on the pain.
You feel agile all of a sudden. The hellion gestures at you.
The sphere of damnation explodes!
The damnation engulfs you!!
You focus on the pain.
You feel very mighty all of a sudden. The hellion gestures at you.
The sphere of damnation explodes!
The damnation engulfs you!!
Fire: c) +5 sling "Ikluylee" {heavy, MP+9 Str+3}
Press: ? - help, Q - select action, (/) - cycle Shift-Dir - straight line, f/p - hellion
Aim: a hellion (heavily wounded, 74% to hit)
You shoot a sling bullet. The sling bullet hits the hellion!
The hellion is severely wounded.
The hellion gestures at you.
The sphere of damnation explodes!
The damnation engulfs you!!
* * * LOW HITPOINT WARNING * * *
You focus on the pain.
You feel mightier all of a sudden. The hellion gestures at you.
The sphere of damnation explodes!
The damnation engulfs you!!
* * * LOW HITPOINT WARNING * * *
You focus on the pain.
You feel more agile all of a sudden. The hellion gestures at you.
The sphere of damnation explodes!
The damnation engulfs you!!
You die...

#.........'.......'....#
#......######..#)####..#
#......#....'..#....#..#
#......#....#..#....#..#
######'#....#'##....#'###
#......#....#..#....#...#
#......####)#..#'####...####
#.........'.......'........#
####......#....@..#........#
#.##########.^.#........#
### #...#........#
#.....#≈≈§#..#
####..≈{.2≈.## #.≈2>.≈.#
.≈22.≈.# .#≈≈≈#.# ......#


You could see 2 hellions.

Vanquished Creatures
  Asmodeus (Geh:7)
  the Royal Jelly (Slime:5)
  Dissolution (Slime:3)
  the Serpent of Hell (Geh:7)
  3 ancient liches
  Mara (Vaults:3)
  6 dread liches
  6 juggernauts
  6 royal mummies (Tomb:1)
  16 shard shrikes
  2 caustic shrikes
  A curse toe (Crypt:3)
  Geryon (Hell)
  2 golden dragons
  9 profane servitors
  10 doom hounds
  15 bone dragons
  8 Brimstone Fiends
  2 spectral shard shrikes
  20 Tzitzimimeh
  15 tainted leviathans
  An iron giant (Dis:2)
  9 hellephants
  4 walking earthen tomes
  16 Ice Fiends
  Rupert (Lair:4)
  6 liches
  4 tentacled monstrosities
  2 walking frostbound tomes
  Asterion (Snake:1)
  5 deep elf blademasters
  20 titans
  A shard shrike skeleton (Crypt:3)
  2 walking crystal tomes
  6 quicksilver dragons
  24 acid blobs
  19 ancient champions
  3 sphinxes
  2 deep elf master archers (Elf:3)
  14 searing wretches
  A walking divine tome (Depths:3)
  3 tentacled starspawn (Abyss:3)
  5 tengu reavers
  The ghost of atomjack the Impassioned, an adept VSBr of Uskayaw (Swamp:3)
  5 storm dragons
  6 shadow dragons
  A thorn hunter (Swamp:4)
  A fenstrider witch (Swamp:3)
  Kirke (Elf:1)
  Aizul (Snake:1)
  5 revenants
  13 rockslimes
  5 iron dragons
  5 nagarajas
  28 azure jellies
  16 narguns
  18 fire giants
  3 quicksilver elementals
  23 balrugs
  3 deep elf sorcerers (Elf:3)
  11 vault wardens
  2 spectral juggernauts
  2 orc warlords
  12 shard shrike simulacra
  2 deep elf elementalists (Elf:3)
  2 curse skulls
  2 caustic shrike zombies
  An angel (Abyss:3)
  23 frost giants
  11 ghouls
  A draconian shifter (Depths:4)
  3 spectral caustic shrikes
  4 spriggan defenders
  6 ironbound thunderhulks
  A cacodemon (Abyss:3)
  8 reapers
  30 stone giants
  6 war gargoyles
  18 ironbound preservers
  11 quicksilver oozes
  23 very ugly things
  A rockslime zombie (Crypt:1)
  8 formless jellyfish
  Nessos (D:15)
  4 green draconians
  4 eleionomae
  20 elemental wellsprings
  2 bennus (Tomb:2)
  9 deep elf demonologists
  A red draconian (Depths:4)
  A spectral titan (Tar:3)
  7 vampire knights
  Azrael (Snake:3)
  7 dire elephants (Vaults:2)
  13 wendigos
  A lorocyproca (Hell)
  4 yellow draconians
  27 putrid mouths
  2 bunyips
  8 deep elf annihilators
  8 spark wasps
  3 white draconians
  18 starcursed masses (Abyss:3)
  A blizzard demon (Depths:1)
  A merfolk javelineer (Depths:3)
  6 mummy priests
  11 deep elf death magi
  13 fire dragons
  4 iron golems
  A spectral quicksilver dragon (Tar:5)
  5 deep elf high priests
  12 yaktaur captains
  A crystal guardian (Vaults:4)
  10 eidola
  16 jiangshi
  A green death (Abyss:3)
  9 ettins
  3 spectral spriggans
  2 shambling mangroves
  25 vault guards
  16 great orbs of eyes
  2 entropy weavers
  A spriggan zombie (Hell)
  3 rakshasas
  2 merfolk impalers (Depths:3)
  Fannar (Lair:2)
  13 ice dragons
  3 ghost crabs
  5 caustic shrike simulacra
  13 hydras
  6 ogre magi
  2 sphinx zombies
  4 juggernaut simulacra
  9 spriggan air magi
  12 salamander tyrants
  4 catoblepae
  5 peacekeepers
  9 stokers
  11 two-headed ogres
  14 alligators
  16 ironbound frosthearts
  A spriggan skeleton (Crypt:2)
  7 boulder beetles
  11 deep troll shamans
  11 centaur warriors
  A sphinx skeleton (D:15)
  9 naga warriors
  8 vampire magi
  12 anacondas
  2 death knights (Crypt:1)
  An anaconda (shapeshifter) (Elf:3)
  9 death yaks
  An azure jelly zombie (Crypt:2)
  32 dancing weapons
  4 death scarabs (Tomb:2)
  10 deep troll earth magi
  A death yak (shapeshifter) (Depths:3)
  2 tengu warriors
  A demonic crawler (Abyss:3)
  A satyr (shapeshifter) (Depths:4)
  7 shock serpents
  A spectral dire elephant (Tar:1)
  6 thrashing horrors
  2 bennu skeletons (Crypt:2)
  9 hell knights
  22 hell hogs
  8 naga sharpshooters
  5 soul eaters
  Urug (Orc:1)
  Sonja (Orc:2)
  10 sun demons
  2 wretched stars (Abyss:3)
  6 spriggan berserkers
  6 iron trolls
  14 deep elf knights
  2 skysharks (Lair:5)
  27 skeletal warriors
  A crystal echidna (Dis:1)
  An iron giant zombie (Crypt:2)
  2 salamander mystics
  30 shadow wraiths
  Amaemon (D:11)
  6 goliath frogs
  2 sixfirhies (Abyss:3)
  80 deep trolls
  12 flayed ghosts
  5 spriggan druids
  A sea snake (Lair:3)
  A shadow demon (Depths:1)
  4 quicksilver dragon simulacra
  7 arcanists
  11 deep elf archers
  A death drake (shapeshifter) (Depths:4)
  12 swamp dragons
  2 anaconda zombies
  A kraken simulacrum (Coc:7)
  A bunyip skeleton (Hell)
  3 naga ritualists
  4 spriggan simulacra
  An obsidian statue (Crypt:2)
  18 lindwurms
  2 spectral hydras
  A fenstrider witch simulacrum (Abyss:3)
  2 orange crystal statues
  16 bog bodies
  6 glowing orange brains
  19 ironbound convokers
  26 deep elf zephyrmancers
  A harpy (shapeshifter) (Depths:2)
  14 harpies
  15 phantasmal warriors
  7 orc knights
  A tengu zombie (Vaults:5)
  16 necromancers
  9 salamanders
  32 deep elf pyromancers
  4 mana vipers
  2 spectral ettins
  A cyclops (shapeshifter) (Depths:3)
  2 orc sorcerers
  40 ugly things
  7 shining eyes
  3 will-o-the-wisps
  An oklob plant (Lair:5)
  A goliath frog skeleton (Crypt:2)
  2 worldbinders (Abyss:3)
  6 elephants
  A salamander (shapeshifter) (D:14)
  8 cyclopes
  2 spectral centaurs (Tar:2)
  An iron dragon zombie (Crypt:3)
  A black mamba (shapeshifter) (Vaults:5)
  7 guardian serpents
  Maurice (Orc:1)
  A rust devil (Hell)
  2 apocalypse crabs (Abyss:3)
  40 black mambas
  3 ice statues (Coc:7)
  An elephant (shapeshifter) (Depths:2)
  3 titan simulacra
  18 vault sentinels
  8 molten gargoyles (Geh:7)
  A storm dragon simulacrum (Vaults:5)
  13 naga magi
  A guardian serpent (shapeshifter) (Vaults:5)
  3 orange demons
  2 centaur zombies
  2 torpor snails
  6 smoke demons (Abyss:3)
  A gargoyle (D:13)
  A dire elephant skeleton (Crypt:1)
  3 eyes of devastation
  18 cane toads
  6 unseen horrors
  Maggie (D:9)
  A steelbarb worm zombie (Crypt:1)
  20 hellions
  14 large abominations (Abyss:3)
  2 centaur skeletons
  A minotaur zombie (Crypt:1)
  A swamp worm zombie (Crypt:3)
  An efreet (D:15)
  17 yaktaurs
  Psyche (D:11)
  7 komodo dragons
  4 tengu conjurers
  2 alligator snapping turtle skeletons
  2 anaconda simulacra
  4 ancient zymes (Abyss:3)
  23 rime drakes
  2 spectral nagas
  17 guardian mummies
  8 freezing wraiths
  A catoblepas skeleton (Crypt:2)
  A red devil (Hell)
  12 trolls
  A golden dragon simulacrum (Coc:5)
  A yaktaur skeleton (Vaults:5)
  2 harpy zombies
  5 iron giant simulacra
  3 silent spectres
  3 hydra zombies (Swamp:1)
  14 tormentors
  2 spectral harpies (Tar:1)
  A green draconian skeleton (Crypt:2)
  A tarantella (shapeshifter) (Vaults:5)
  3 meliai (D:14)
  3 bloated husks
  20 polar bears
  A hellwing (Abyss:3)
  30 blink frogs
  19 hornets
  A shadow dragon simulacrum (Coc:1)
  3 harpy skeletons
  17 raiju (Abyss:3)
  A stone giant simulacrum (Coc:5)
  10 tyrant leeches
  14 dream sheep
  An iron dragon simulacrum (Coc:7)
  A radroach zombie (Crypt:2)
  A jumping spider (shapeshifter) (D:14)
  129 slime creatures
  A centaur simulacrum (Hell)
  22 flying skulls
  2 shadows
  A fire dragon skeleton (Crypt:3)
  24 spriggans
  7 air elementals
  A culicivora (shapeshifter) (Abyss:3)
  6 wraiths
  12 dire elephant simulacra
  3 wyverns
  A black mamba zombie (Crypt:3)
  A tyrant leech zombie (Crypt:2)
  A fire bat (Abyss:3)
  A vampire (Abyss:3)
  87 yaks
  8 ynoxinuls (Abyss:3)
  32 water elementals
  6 ushabtiu
  4 golden eyes
  6 chaos spawn (Abyss:3)
  3 steam dragons
  13 fire elementals
  3 humans
  A wind drake skeleton (Crypt:3)
  A hog (Elf:1)
  4 redbacks
  4 wargs
  19 vampire mosquitoes
  3 basilisks
  3 neqoxecs (Abyss:3)
  An acid dragon (Abyss:3)
  11 harpy simulacra
  34 nagas
  A glowing shapeshifter zombie (Depths:1)
  9 swamp worms
  Edmund (D:5)
  A floating eye (shapeshifter) (Vaults:5)
  3 hell hounds (Snake:3)
  7 small abominations (Abyss:3)
  A swamp worm (shapeshifter) (Vaults:5)
  7 swamp drakes
  20 water moccasins
  2 floating eyes (Depths:3)
  A naga skeleton (Abyss:3)
  3 black bears
  4 ettin simulacra
  19 orc warriors
  6 ice beasts
  A swamp dragon zombie (Crypt:1)
  4 boggarts (D:14)
  A lindwurm skeleton (Crypt:1)
  30 ogres
  16 wolves
  A centaur (shapeshifter) (Depths:2)
  6 centaurs
  7 kobold brigands
  A draconian zombie (Crypt:3)
  19 bullfrogs
  6 necrophages
  6 earth elementals
  2 naga simulacra
  A human simulacrum (Depths:1)
  3 scorpions
  12 wights
  14 killer bees
  A troll skeleton (Crypt:1)
  A polar bear skeleton (Crypt:2)
  A polar bear zombie (Crypt:3)
  6 howler monkeys
  10 electric eels
  A crimson imp (D:7)
  3 hounds (Lair:3)
  2 iron imps
  3 quasits (Abyss:3)
  A gnoll bouda (D:6)
  17 orc priests
  4 jellies
  2 sleepcaps
  3 iguanas
  11 orc wizards
  A sky beast zombie (Crypt:3)
  17 mummies
  6 gnolls
  5 adders
  A river rat (shapeshifter) (Vaults:5)
  A swamp drake skeleton (Crypt:3)
  A shadow imp (Tar:7)
  4 white imps
  13 ufetubi
  An iguana skeleton (Crypt:3)
  3 worms
  2 dart slugs
  93 orcs
  7 bats
  3 endoplasms
  4 hobgoblins
  7 jackals
  2 quokkas
  A ball python (D:3)
  A frilled lizard zombie (Crypt:1)
  7 goblins
  34 kobolds
  A kobold skeleton (Crypt:3)
  An orc skeleton (Crypt:3)
  A rat (D:3)
  A river rat skeleton (Crypt:1)
  3 creeping infernos
  6 fire vortices
  A lurking horror (Abyss:3)
  A starspawn tentacle (Abyss:3)
  A tentacle (Coc:7)
3128 creatures vanquished.

Vanquished Creatures (collateral kills)
  2 liches (Abyss:3)
  An acid blob (Slime:5)
3 creatures vanquished.

Vanquished Creatures (others)
  Antaeus (Coc:7)
  Ereshkigal (Tar:7)
  11 royal mummies
  2 profane servitors (Tar:7)
  A bone dragon (Tar:5)
  3 Tzitzimimeh
  2 hellephants (Geh:6)
  A lich (Vaults:2)
  5 sphinxes (Tomb:1)
  2 ancient champions
  A draconian knight (Depths:4)
  A nagaraja (Snake:3)
  2 revenants (Tomb:1)
  A fire giant (Geh:6)
  2 narguns
  2 azure jellies
  A frost giant (Coc:1)
  A juggernaut zombie (Tomb:1)
  2 balrugs (Geh:6)
  2 reapers (Hell)
  2 elemental wellsprings (Coc:1)
  A vampire knight (Hell)
  2 caustic shrike skeletons
  A putrid mouth (Tar:5)
  4 bennus (Tomb:1)
  2 wendigos
  2 eidola (Tar:7)
  12 mummy priests
  A salamander tyrant (Geh:6)
  4 juggernaut simulacra
  2 caustic shrike simulacra (Coc:1)
  2 stokers (Geh:6)
  A hell hog (Hell)
  14 death scarabs (Tomb:2)
  A demonic crawler (Hell)
  A sun demon (Hell)
  3 soul eaters (Hell)
  A hell knight (Hell)
  4 shadow wraiths (Tar:7)
  A quicksilver dragon simulacrum (Coc:1)
  3 skeletal warriors (Tomb:2)
  3 spriggan simulacra (Coc:7)
  An iron dragon zombie (Tomb:2)
  2 smoke demons (Hell)
  2 titan simulacra
  A rime drake (IceCv)
  A bunyip simulacrum (Coc:1)
  An iron giant simulacrum (Coc:4)
  A freezing wraith (Coc:1)
  10 guardian mummies
  2 ice devils (Hell)
  A red devil (Hell)
  2 iron dragon simulacra
  2 polar bears (IceCv)
  An ettin zombie (Hell)
  6 ushabtiu
  7 flying skulls (Tomb:2)
  2 dire elephant simulacra
  A fire elemental (Elf:3)
  A water elemental (Elf:3)
  2 naga simulacra
  A spriggan (Swamp:4)
  8 harpy simulacra
  A naga zombie (Tomb:2)
  4 hell hounds (Hell)
  An ettin simulacrum (Coc:7)
  A boggart (D:14)
  2 centaurs (D:15)
  An electric eel (Elf:3)
  A hound (D:4)
  18 mummies
  5 creeping infernos
  12 fire vortices
  10 foxfires
  A lurking horror (Abyss:3)
  72 starspawn tentacles
  3 tentacles (Coc:7)
298 creatures vanquished.

Grand Total: 3429 creatures vanquished

Notes
Turn   | Place    | Note
-------+----------+-------------------------------------------
     0 | D:1      | gyole the Demonspawn Fighter began the quest for the Orb.
     0 | D:1      | Reached XP level 1. HP: 18/18 MP: 1/1
   234 | D:1      | Gained mutation: A meltable shield of frost defends you.
                  | (SH +4) [demonic ancestry]
   234 | D:1      | Reached XP level 2. HP: 24/24 MP: 2/2
   234 | D:1      | Found a faded altar of an unknown god.
   903 | D:2      | Gained mutation: You have a pair of small antennae on your
                  | head. [demonic ancestry]
   903 | D:2      | Reached XP level 3. HP: 29/29 MP: 3/3
   988 | D:2      | Reached skill level 3 in Armour
  1841 | D:3      | Reached XP level 4. HP: 35/35 MP: 4/4
  2069 | D:3      | Found a sparkling altar of Nemelex Xobeh.
  2184 | D:4      | Identified a scroll of acquirement
  2231 | D:3      | Acquired a +2 crystal plate armour
  2285 | D:4      | Noticed a scorpion
  2294 | D:4      | Killed a scorpion
  2295 | D:4      | Reached XP level 5. HP: 41/42 MP: 5/5
  2451 | D:4      | Found a radiant altar of Vehumet.
  2502 | D:4      | Found a stormy altar of Qazlal.
  2538 | D:4      | Noticed a +0 dagger
  2538 | D:4      | Noticed a +0 falchion
  2538 | D:4      | Noticed a +0 short sword
  2539 | D:4      | Noticed a +0 falchion
  2539 | D:4      | Noticed a +0 spear
  2540 | D:4      | Noticed a +0 dagger
  2540 | D:4      | Noticed a +0 spear
  2540 | D:4      | Noticed a +0 short sword
  2614 | D:4      | Noticed a human
  2615 | D:4      | Found a runed translucent door.
  2619 | D:4      | Found a basalt altar of Yredelemnul.
  2655 | D:4      | Killed a human
  2656 | D:4      | Reached XP level 6. HP: 48/48 MP: 6/6
  2778 | D:4      | Found a hide-covered altar of Uskayaw.
  3040 | D:5      | Entered Level 5 of the Dungeon
  3057 | D:5      | Noticed an ice beast
  3064 | D:5      | Killed an ice beast
  3065 | D:5      | Reached skill level 4 in Armour
  3119 | D:5      | Found Pan Wuhi's Serpentskin Sales.
  3119 | D:5      | Noticed a water moccasin
  3119 | D:5      | Noticed a water moccasin
  3144 | D:5      | Killed a water moccasin
  3161 | D:5      | Killed a water moccasin
  3162 | D:5      | Gained mutation: You are partially covered in icy blue
                  | scales. (AC +2) [demonic ancestry]
  3162 | D:5      | Reached XP level 7. HP: 22/55 MP: 7/7
  3354 | D:5      | Found the +3 crown of Dyrovepreva {rElec Int+2 SInv}
  3361 | D:5      | Identified the ring of the Screaming Gods {rN++ MP+9 AC+4}
  3636 | D:5      | Found a staircase to the Ecumenical Temple.
  3649 | Temple   | Entered the Ecumenical Temple
  3677 | Temple   | Became a worshipper of Warmaster Okawaru
  3746 | D:5      | Noticed Edmund
  3756 | D:5      | Reached skill level 5 in Armour
  3763 | D:5      | Killed Edmund
  3764 | D:5      | Reached skill level 5 in Polearms
  3764 | D:5      | Reached skill level 1 in Invocations
  3937 | D:6      | Found Ofih's Distillery.
  3964 | D:5      | Reached XP level 8. HP: 51/61 MP: 9/9
  4031 | D:6      | Bought a potion of degeneration for 13 gold pieces
  4031 | D:6      | Bought a potion of berserk rage for 65 gold pieces
  4031 | D:6      | Bought a potion of curing for 39 gold pieces
  4031 | D:6      | Bought a potion of lignification for 39 gold pieces
  4031 | D:6      | Bought a potion of might for 52 gold pieces
  4054 | D:6      | Reached * piety under Okawaru
  4055 | D:6      | Reached skill level 5 in Fighting
  4087 | D:6      | Found Fioburgh's Antique Weapon Emporium.
  4103 | D:6      | Identified the +2 leather armour of Dishonesty {rElec rF+
                  | rCorr Str-2}
  4204 | D:6      | Reached skill level 6 in Armour
  4479 | D:6      | Reached skill level 5 in Shields
  4582 | D:5      | Reached ** piety under Okawaru
  4583 | D:5      | Gained mutation: A meltable icy envelope protects you from
                  | harm. (AC +8) [demonic ancestry]
  4583 | D:5      | Reached XP level 9. HP: 57/68 MP: 11/11
  4751 | D:6      | Found Wetwasea's Book Boutique.
  4777 | D:6      | Found an opulent altar of Gozag.
  4784 | D:6      | Found Yduaby's General Store.
  4919 | D:6      | Bought a scroll of immolation for 48 gold pieces
  4919 | D:6      | Bought a scroll of vulnerability for 48 gold pieces
  4919 | D:6      | Bought a scroll of identify for 24 gold pieces
  5084 | D:7      | Found a sacrificial altar of Ru.
  5155 | D:7      | Reached skill level 7 in Armour
  5158 | D:7      | Reached *** piety under Okawaru
  5266 | D:7      | Found Xutwism's Weapon Shop.
  5352 | D:6      | Found a blossoming altar of Fedhas.
  6110 | D:8      | Reached skill level 5 in Invocations
  6746 | D:9      | Noticed Maggie
  6756 | D:9      | Killed Maggie
  6892 | D:9      | Reached XP level 10. HP: 68/77 MP: 14/14
  7247 | D:9      | Found a staircase to the Lair.
  7250 | D:9      | Noticed a death yak
  7524 | D:10     | Entered Level 10 of the Dungeon
  7663 | D:10     | Found Poenkafoit's Distillery.
  7671 | D:10     | Bought a potion of mutation for 112 gold pieces
  7804 | D:10     | Reached **** piety under Okawaru
  7805 | D:10     | Reached skill level 8 in Armour
  8102 | D:10     | Found a staircase to the Orcish Mines.
  8282 | D:10     | Found a shimmering blue altar of Sif Muna.
  8282 | D:10     | Found a hazy altar of Hepliaklqana.
  8480 | D:10     | Found a shimmering altar of Xom.
  8606 | D:11     | Found Roazxuqyn's Magic Scroll Boutique.
  8660 | D:11     | Reached ***** piety under Okawaru
  8711 | D:11     | Found Gieczeira's Magic Scroll Shop.
  8752 | D:11     | Gained mutation: You sometimes gain a little power by
                  | taking damage. [demonic ancestry]
  8752 | D:11     | Reached XP level 11. HP: 77/84 MP: 16/16
  8920 | D:11     | Noticed a boulder beetle
  8933 | D:11     | Killed a boulder beetle
  8934 | D:11     | Reached skill level 9 in Armour
  8941 | D:11     | Found Fuadgh's Antique Weapon Shoppe.
  8955 | D:11     | Noticed Psyche
  8966 | D:11     | Killed Psyche
  9325 | D:11     | Received a gift from Okawaru
  9628 | D:11     | Noticed Amaemon
  9643 | D:11     | Killed Amaemon
  9989 | D:11     | Bought a scroll of silence for 104 gold pieces
  9989 | D:11     | Bought a scroll of identify for 22 gold pieces
 10304 | D:12     | Noticed a purple ugly thing
 10329 | D:12     | Killed a purple ugly thing
 10340 | D:12     | Received a gift from Okawaru
 10353 | D:12     | Reached skill level 10 in Armour
 10487 | D:12     | Noticed a deep elf pyromancer
 10519 | D:12     | Killed a deep elf pyromancer
 10760 | D:12     | Noticed a white ugly thing
 10777 | D:12     | Killed a white ugly thing
 10826 | D:12     | Reached skill level 10 in Polearms
 10970 | D:12     | Reached ****** piety under Okawaru
 10971 | D:12     | Reached XP level 12. HP: 94/94 MP: 18/18
 11542 | D:10     | Acquired a +3 heavy bardiche
 11542 | D:10     | Received a gift from Okawaru
 11545 | D:10     | Acquired the +3 Mad Mage's Maulers {Infuse+∞ VampMP -Cast}
 11545 | D:10     | Received a gift from Okawaru
 11545 | D:10     | Found the +3 Mad Mage's Maulers {Infuse+∞ VampMP -Cast}
 11818 | D:9      | Noticed a death yak
 11818 | D:9      | Noticed a death yak
 12000 | D:8      | Killed a death yak
 12135 | D:8      | Killed a death yak
 12293 | D:9      | Killed a death yak
 12314 | D:9      | Received a gift from Okawaru
 12489 | D:14     | Identified the "Jesham"
 12489 | Lair:1   | Entered Level 1 of the Lair of Beasts
 13662 | Lair:1   | Received a gift from Okawaru
 13841 | Lair:1   | Reached skill level 11 in Armour
 15366 | Lair:2   | Noticed Fannar
 15390 | Lair:2   | Killed Fannar
 15551 | Lair:2   | Found a staircase to the Swamp.
 15765 | Lair:2   | Received a gift from Okawaru
 15905 | Lair:2   | Reached skill level 10 in Invocations
 16813 | Lair:2   | Gained mutation: You are mostly covered in icy blue scales.
                  | (AC +3) [demonic ancestry]
 16813 | Lair:2   | Reached XP level 13. HP: 101/101 MP: 2/20
 17231 | Lair:3   | Found a staircase to the Snake Pit.
 18793 | Lair:3   | Received a gift from Okawaru
 20554 | Lair:4   | Reached skill level 12 in Armour
 20835 | Lair:4   | Found a viscous altar of Jiyva.
 20839 | Lair:4   | Found a staircase to the Slime Pits.
 20847 | Lair:4   | Received a gift from Okawaru
 21222 | Lair:4   | Reached skill level 10 in Fighting
 22286 | Lair:4   | Identified the +7 chain mail of the Slorg {-Tele Harm SInv
                  | Stlth+}
 22465 | Lair:5   | Entered Level 5 of the Lair of Beasts
 22561 | Lair:5   | Received a gift from Okawaru
 22900 | Lair:5   | Gained mutation: You have a pair of antennae on your head.
                  | [demonic ancestry]
 22900 | Lair:5   | Reached XP level 14. HP: 107/111 MP: 0/22
 23212 | Lair:5   | Received a gift from Okawaru
 23354 | Lair:5   | Noticed Rupert
 23571 | Orc:1    | Entered Level 1 of the Orcish Mines
 23595 | Orc:1    | Noticed Maurice
 23620 | Orc:1    | Killed Maurice
 23761 | Orc:1    | Found a bloodstained altar of Trog.
 24270 | Orc:1    | Noticed Urug
 24279 | Orc:1    | Killed Urug
 24878 | Orc:2    | Entered Level 2 of the Orcish Mines
 25062 | Orc:2    | Noticed Sonja
 25068 | Orc:2    | Killed Sonja
 25729 | Orc:2    | Found Camanwad's Armour Boutique.
 25731 | Orc:2    | Found Hesiat's Assorted Antiques.
 25811 | Orc:2    | Received a gift from Okawaru
 25818 | Orc:2    | Reached skill level 13 in Armour
 25868 | Orc:2    | Found Mocyas's Gadget Gallery.
 25868 | Orc:2    | Found a staircase to the Elven Halls.
 26031 | Orc:2    | Reached skill level 10 in Shields
 26187 | Orc:1    | Received a gift from Okawaru
 26646 | Orc:2    | Found Udixuh's Assorted Antiques.
 26647 | Orc:2    | Found Vuesaubb's Magic Scroll Emporium.
 27836 | Orc:1    | Found Kiukhluvi's Assorted Antiques.
 27921 | Orc:2    | Bought a gilded ring for 185 gold pieces
 29131 | D:13     | Found a portal to a secret trove of treasure.
 29306 | Orc:1    | Bought a scroll of enchant weapon for 232 gold pieces
 29349 | Orc:2    | Bought a scroll of enchant weapon for 277 gold pieces
 30827 | D:14     | Received a gift from Okawaru
 30952 | D:14     | Gained mutation: You sometimes gain power by taking damage.
                  | [demonic ancestry]
 30952 | D:14     | Reached XP level 15. HP: 95/119 MP: 2/24
 30954 | D:14     | Reached skill level 1 in Dodging
 30954 | D:14     | Reached skill level 1 in Evocations
 31870 | D:14     | Found a gate to the Vaults.
 32213 | D:15     | Entered Level 15 of the Dungeon
 32412 | D:15     | Found a transporter.
 32412 | D:15     | Found Puicwodo's Distillery.
 32547 | D:15     | Noticed Nessos
 32598 | D:15     | Received a gift from Okawaru
 32657 | D:15     | Killed Nessos
 32658 | D:15     | Reached skill level 14 in Armour
 33113 | D:15     | Found Mudor's Antique Weapon Shop.
 33121 | D:15     | Bought a fine trident for 297 gold pieces
 33121 | D:15     | Identified the +6 trident of the Endless March {freeze,
                  | Dex+2} (You bought it in a shop on level 15 of the Dungeon)
 33267 | D:15     | Noticed Roxanne
 33295 | D:15     | Found Mitihusk's Antique Armour Boutique.
 33306 | D:15     | Bought a pair of runed boots for 202 gold pieces
 33511 | D:15     | Found a staircase to the Depths.
 33763 | D:15     | Found Aneeb's Assorted Antiques.
 33910 | D:15     | Found a transporter.
 35516 | Snake:1  | Entered Level 1 of the Snake Pit
 35518 | Snake:1  | Noticed Aizul
 35609 | Snake:1  | Killed Aizul
 35609 | Snake:1  | Received a gift from Okawaru
 35646 | Snake:1  | Found a frozen archway.
 35691 | IceCv    | Entered an ice cave
 36322 | IceCv    | Noticed a frost giant
 36338 | IceCv    | Noticed a frost giant
 36347 | IceCv    | Killed a frost giant
 36355 | IceCv    | Killed a frost giant
 36381 | IceCv    | Identified the +17 crystal plate armour "Guedee" {rF+}
 36567 | IceCv    | Received a gift from Okawaru
 36568 | IceCv    | Reached XP level 16. HP: 127/127 MP: 2/26
 36985 | IceCv    | Learned a level 2 spell: Blink
 38095 | Snake:1  | Reached skill level 15 in Armour
 38526 | Snake:1  | Reached skill level 5 in Evocations
 39053 | Snake:1  | Noticed Asterion
 39078 | Snake:1  | Gained mutation: You are frail. (-10% HP) [a cacodemon]
 39090 | Snake:1  | Killed Asterion
 40021 | Snake:1  | Reached skill level 5 in Dodging
 40352 | Swamp:1  | Identified the "Honyst"
 40352 | Vaults:1 | Identified the of Vehyuhu
 40352 | Vaults:5 | Identified the "Toeddomu"
 40352 | Crypt:3  | Identified the "Odyulucw"
 40352 | Elf:1    | Identified the "Moen"
 40352 | Elf:1    | Entered Level 1 of the Elven Halls
 40385 | Elf:1    | Found a magical portal.
 40390 | WizLab   | Entered Wucad Mu's Monastery
 40638 | WizLab   | Found the crystal ball of Wucad Mu {*channel}
 40639 | Arena    | Entered the Arena
 40659 | Arena    | Received a gift from Okawaru
 40699 | WizLab   | Gained mutation: You have a pair of large antennae on your
                  | head. (SInv) [demonic ancestry]
 40699 | WizLab   | Reached XP level 17. HP: 110/121 MP: 11/27
 40816 | Elf:1    | Noticed Kirke
 41347 | Elf:1    | Found Wacupal's CLEARANCE SALE!.
 41375 | Elf:1    | Killed Kirke
 41376 | Elf:1    | Reached skill level 1 in Throwing
 41782 | Elf:1    | Paralysed by an air elemental for 1 turns
 42860 | Elf:1    | Identified the +6 chain mail of Ebiupolum {+Blink rElec rN+
                  | Int+2}
 43809 | Elf:2    | Received a gift from Okawaru
 43818 | Elf:1    | Reached skill level 1 in Translocations
 44207 | Elf:2    | Found a runed translucent door.
 44750 | Elf:2    | Found a huge runed translucent gate.
 44750 | Elf:2    | Found a huge runed translucent gate.
 44754 | Elf:2    | Found a huge runed translucent gate.
 44756 | Elf:2    | Found a huge runed translucent gate.
 44756 | Elf:2    | Found a huge runed translucent gate.
 44928 | Elf:2    | Found Oluw's Distillery.
 45260 | Elf:3    | Identified the "Zidin"
 45260 | Elf:3    | Identified the of Imauxte
 45260 | Elf:3    | Entered Level 3 of the Elven Halls
 45378 | Elf:3    | Reached skill level 16 in Armour
 45424 | Elf:3    | Received a gift from Okawaru
 45591 | Elf:3    | Reached skill level 5 in Axes
 46664 | Elf:3    | Found a shimmering blue altar of Sif Muna.
 46891 | Elf:3    | Paralysed by an air elemental for 1 turns
 46897 | Elf:3    | Paralysed by an air elemental for 1 turns
 46901 | Elf:3    | Paralysed by an air elemental for 1 turns
 46905 | Elf:3    | Paralysed by an air elemental for 1 turns
 46912 | Elf:3    | Paralysed by an air elemental for 1 turns
 46916 | Elf:3    | Paralysed by an air elemental for 1 turns
 46920 | Elf:3    | Paralysed by an air elemental for 1 turns
 46923 | Elf:3    | Gained mutation: A meltable icy envelope protects you from
                  | harm. (AC +8) [demonic ancestry]
 46923 | Elf:3    | Reached XP level 18. HP: 84/127 MP: 1/29
 47209 | Elf:3    | Received a gift from Okawaru
 47609 | Elf:3    | Found Fekkuasy's Weapon Emporium.
 48258 | D:15     | Bought 2 potions of experience for 1000 gold pieces
 48258 | D:15     | Gained mutation: You punish those that try to bend your
                  | will. (Will+) [demonic ancestry]
 48258 | D:15     | Reached XP level 19. HP: 133/133 MP: 30/30
 48259 | D:15     | Gained mutation: You are completely covered in icy blue
                  | scales. (AC +4, rC+) [demonic ancestry]
 48259 | D:15     | Reached XP level 20. HP: 139/139 MP: 31/31
 48806 | Elf:3    | Reached skill level 15 in Invocations
 48838 | Elf:3    | Identified the +5 war axe of Uhuleuj {freeze, rF+++ Will+
                  | Str+3}
 49010 | Elf:3    | Identified the ring of Plog {Fly Int+3}
 49020 | Elf:3    | Reached skill level 5 in Throwing
 49076 | Elf:3    | Received a gift from Okawaru
 49302 | Elf:3    | Identified the ring "Hapopy" {Drain rElec rF+++ Will++
                  | Dex+6}
 49310 | Elf:3    | Identified the amulet "Vecoad" {RegenMP -Tele Regen+ Dex+5}
 49454 | Abyss:2  | Identified the "Yplol"
 49454 | Abyss:2  | Identified the "Jushrivedgh"
 49454 | Abyss:2  | Cast into level 2 of the Abyss (a deep elf sorcerer)
 49611 | Elf:3    | Escaped the Abyss
 49730 | Elf:3    | Reached skill level 17 in Armour
 49842 | Elf:3    | Learned a level 2 spell: Passwall
 49846 | Elf:3    | Identified the orb "Ywisk" {*Rage, Str+3}
 49868 | Elf:3    | Identified the +10 shortbow "Beetlebane" {freeze, rElec
                  | Str-3 Int+2}
 50115 | Elf:3    | Bought the +6 whip "Dummaf" {distort, SInv} for 568 gold
                  | pieces
 52003 | Snake:2  | Received a gift from Okawaru
 52211 | Snake:2  | Found Kozohun's Book Emporium.
 52212 | Snake:2  | Found Bostetum's Jewellery Shop.
 52213 | Snake:2  | Found Caivoacs's Book Emporium.
 52874 | Snake:2  | Reached skill level 1 in Earth Magic
 53408 | Snake:3  | Found Ruanatab's Assorted Antiques.
 53418 | Snake:3  | Reached skill level 1 in Transmutations
 54339 | Snake:3  | Found Ykhy's Magic Scroll Boutique.
 54343 | Snake:3  | Bought a scroll of enchant weapon for 105 gold pieces
 54343 | Snake:3  | Bought a scroll of enchant weapon for 105 gold pieces
 54795 | Snake:3  | Found Eceahude's General Store.
 54921 | Snake:3  | Noticed Azrael
 54933 | Snake:3  | Killed Azrael
 55104 | Snake:3  | Found Ilerunai's Antique Weapon Shoppe.
 55107 | Snake:3  | Found Loceguin's Assorted Antiques.
 55108 | Snake:3  | Found Viviusch's Jewellery Shoppe.
 55157 | Snake:3  | Received a gift from Okawaru
 55449 | Snake:3  | Found Soruphuo's Antique Armour Shop.
 55458 | Snake:3  | Found Quocaall's Magic Scroll Shop.
 56046 | Snake:4  | Entered Level 4 of the Snake Pit
 58093 | Snake:4  | Reached XP level 21. HP: 141/146 MP: 2/32
 58143 | Snake:4  | Got a serpentine rune of Zot
 58604 | D:15     | Acquired the +10 demon trident of Imminent Death {vamp,
                  | Will+ rCorr Str+2 Dex+3}
 60284 | D:13     | You paid a toll of a +4 demon whip to enter a treasure
                  | trove
 60285 | Trove    | Entered a treasure trove
 60289 | Trove    | Identified the ring "Umy Ziraff" {Str+4 Int+6 Slay+2}
 60291 | Trove    | Identified the ring of Zyerafy {Wiz rPois rC++ Dex+3
                  | Slay+2}
 60299 | Trove    | Identified the ring of Seffomm {Fire Fly rPois Str-4}
 60301 | Trove    | Identified the ring of Ashui {rPois rF+ rC+ Str-2 Int+3}
 60303 | Trove    | Identified the amulet of Amoficzu {Acrobat rF+}
 60313 | Trove    | Identified the ring of Equilibrium {Wiz rF- rCorr Int+2}
 60316 | Trove    | Identified the amulet of the Hidden Nights {Regen+ Str+3}
 60726 | Swamp:1  | Entered Level 1 of the Swamp
 61060 | Swamp:1  | Received a gift from Okawaru
 64189 | Swamp:3  | Found a runed translucent door.
 64191 | Swamp:3  | Identified the +4 spear of the Tundras {vamp, rF- Str+4}
 64193 | Swamp:3  | Received a gift from Okawaru
 64194 | Swamp:3  | Noticed atomjack's ghost (adept VSBr)
 65414 | Swamp:3  | Killed atomjack's ghost
 65419 | Swamp:3  | Reached skill level 18 in Armour
 65609 | Swamp:4  | Entered Level 4 of the Swamp
 65930 | Swamp:4  | Identified the +1 longbow "Voarghist" {elec, rPois rC+
                  | MP+9}
 66709 | Swamp:4  | Reached skill level 5 in Transmutations
 67262 | Swamp:4  | Got a decaying rune of Zot
 68795 | Lair:4   | Killed Rupert
 69922 | Lair:5   | Reached XP level 22. HP: 154/154 MP: 1/34
 69931 | Lair:5   | Received a gift from Okawaru
 70858 | Vaults:1 | Entered Level 1 of the Vaults
 70862 | Vaults:1 | Reached skill level 5 in Earth Magic
 72574 | Vaults:1 | Found Roezocowk's Assorted Antiques.
 73706 | Vaults:1 | Reached skill level 10 in Axes
 74655 | Vaults:2 | Found Koasaim's Book Shop.
 74861 | Vaults:2 | Found a staircase to the Crypt.
 75878 | Vaults:2 | Received a gift from Okawaru
 76234 | Vaults:2 | Reached skill level 10 in Evocations
 76794 | Vaults:2 | Reached skill level 19 in Armour
 77569 | Vaults:2 | Found Delios's General Store.
 77573 | Vaults:2 | Bought a scroll of teleportation for 57 gold pieces
 77573 | Vaults:2 | Bought a potion of heal wounds for 95 gold pieces
 77661 | Vaults:3 | Received a gift from Okawaru
 78067 | Vaults:3 | Gained mutation: You are resistant to unholy torment.
                  | [demonic ancestry]
 78067 | Vaults:3 | Reached XP level 23. HP: 161/161 MP: 3/35
 78257 | Vaults:3 | Noticed Mara
 78264 | Vaults:3 | Killed Mara
 79734 | Vaults:3 | Found Xuzxuama's Armour Shop.
 80082 | Vaults:3 | Received a gift from Okawaru
 81293 | Vaults:4 | Reached skill level 15 in Fighting
 81962 | Vaults:4 | Identified the +10 war axe of Ukkag {flame, rC+ rCorr Int+6
                  | Stlth-}
 82303 | Vaults:4 | Received a gift from Okawaru
 83257 | Depths:1 | Entered Level 1 of the Depths
 83266 | Depths:1 | Found Rumo Ela's Jewellery Shop.
 83266 | Depths:1 | Found Sunt's Jewellery Shop.
 83266 | Depths:1 | Found Jituimareo's Jewellery Boutique.
 83266 | Depths:1 | Found Seripaixu's General Store.
 83325 | Depths:1 | Bought 2 potions of resistance for 260 gold pieces
 83362 | Depths:1 | Reached skill level 10 in Throwing
 84198 | Depths:1 | You are sucked into a shaft and drop 1 floor!
 84407 | Depths:2 | Received a gift from Okawaru
 84736 | Depths:1 | Found a one-way gate leading to the halls of Pandemonium.
 85822 | Depths:1 | Found a gateway to Hell.
 85950 | Depths:1 | Found a hazy altar of Hepliaklqana.
 86578 | Depths:2 | Reached skill level 5 in Translocations
 86969 | Depths:2 | Reached skill level 10 in Transmutations
 87487 | Depths:2 | Identified the staff "Goizog" {rPois SInv Conj}
 87649 | Depths:2 | Received a gift from Okawaru
 87667 | Depths:2 | Reached XP level 24. HP: 165/170 MP: 3/36
 89149 | Depths:3 | Noticed a juggernaut
 89165 | Depths:3 | Killed a juggernaut
 89187 | Depths:3 | Reached skill level 20 in Armour
 89728 | Depths:3 | Noticed a juggernaut
 89761 | Depths:3 | Killed a juggernaut
 89768 | Depths:3 | Received a gift from Okawaru
 89996 | Depths:3 | Paralysed by a floating eye for 2 turns
 90399 | Depths:3 | Received a gift from Okawaru
 90603 | Depths:3 | Noticed a juggernaut
 90614 | Depths:3 | Killed a juggernaut
 91278 | Depths:3 | Found a corrupted altar of Lugonu.
 91278 | Depths:3 | Found a one-way gate to the infinite horrors of the Abyss.
 91571 | Depths:3 | Fell from the grace of Okawaru
 91571 | Depths:3 | Became a worshipper of Lugonu the Unformed
 91588 | Depths:4 | Entered Level 4 of the Depths
 91875 | Depths:4 | Reached * piety under Lugonu
 92124 | Depths:4 | Found a gate to the Realm of Zot.
 92933 | Depths:4 | Reached XP level 25. HP: 177/177 MP: 1/36
 93105 | Depths:4 | Noticed a juggernaut
 93113 | Depths:4 | Killed a juggernaut
 93407 | Depths:4 | Found Xouqel's Magic Scroll Boutique.
 93540 | Depths:4 | Bought a scroll of revelation for 135 gold pieces
 93540 | Depths:4 | Bought a scroll of teleportation for 54 gold pieces
 93740 | Depths:4 | Found a one-way gateway to a ziggurat.
 94633 | Depths:4 | Found a runed translucent door.
 94634 | Depths:4 | Noticed a juggernaut
 94638 | Depths:4 | Noticed a juggernaut
 94833 | Depths:4 | Found an ancient bone altar of Kikubaaqudgha.
 95035 | Depths:4 | Killed a juggernaut
 95035 | Depths:4 | Reached ** piety under Lugonu
 95048 | Depths:4 | Killed a juggernaut
 95425 | Crypt:1  | Entered Level 1 of the Crypt
 96865 | Crypt:1  | Reached *** piety under Lugonu
 98274 | Crypt:2  | Noticed a dread lich
 98281 | Crypt:2  | Killed a dread lich
 98882 | Crypt:2  | Reached skill level 21 in Armour
 99251 | Crypt:2  | Reached **** piety under Lugonu
100371 | Crypt:2  | Found a basalt altar of Yredelemnul.
101104 | Crypt:2  | Found an ancient bone altar of Kikubaaqudgha.
101328 | Crypt:3  | Entered Level 3 of the Crypt
101839 | Crypt:3  | Reached ***** piety under Lugonu
102842 | Abyss:3  | Found a corrupted altar of Lugonu.
102874 | Abyss:3  | Gained mutation: You can hurl damnation. [demonic ancestry]
102874 | Abyss:3  | Reached XP level 26. HP: 149/185 MP: 1/37
102878 | Abyss:3  | Paralysed by accursed screaming for 2 turns
103237 | Abyss:3  | Paralysed by accursed screaming for 1 turns
103238 | Abyss:3  | HP: 7/185 [starcursed mass/accursed screaming (6)]
103241 | Abyss:3  | HP: 1/185 [starcursed mass/accursed screaming (15)]
103241 | Abyss:3  | Paralysed by accursed screaming for 2 turns
103246 | Abyss:3  | Paralysed by accursed screaming for 2 turns
103247 | Abyss:3  | Noticed a dread lich
103420 | Abyss:3  | Was forgiven by Okawaru
103660 | Abyss:3  | Noticed a dread lich
103670 | Abyss:3  | Noticed an ancient lich
103678 | Abyss:3  | Noticed an ancient lich
103687 | Abyss:3  | Killed a dread lich
103696 | Abyss:3  | Got an abyssal rune of Zot
103707 | Abyss:3  | Killed an ancient lich
103723 | Abyss:3  | Found a corrupted altar of Lugonu.
103724 | Abyss:3  | Found a corrupted altar of Lugonu.
103913 | Abyss:3  | Found a corrupted altar of Lugonu.
103921 | Abyss:3  | Paralysed by accursed screaming for 1 turns
103923 | Crypt:3  | Escaped the Abyss
104108 | Crypt:3  | Found a staircase to the Tomb.
105139 | Crypt:3  | Found an ancient bone altar of Kikubaaqudgha.
105466 | Crypt:3  | Found a basalt altar of Yredelemnul.
105478 | Crypt:3  | Identified the staff of the Hidden Vale {+Blink rC- Str+2
                  | Earth}
106596 | Depths:1 | Bought a granite talisman for 880 gold pieces
106602 | Depths:1 | Bought a scroll of enchant weapon for 97 gold pieces
106602 | Depths:1 | Bought a scroll of enchant armour for 97 gold pieces
106889 | D:15     | Bought a potion of haste for 100 gold pieces
106889 | D:15     | Bought a potion of heal wounds for 50 gold pieces
106889 | D:15     | Bought a potion of cancellation for 80 gold pieces
106889 | D:15     | Bought a potion of mutation for 80 gold pieces
106889 | D:15     | Bought a potion of mutation for 80 gold pieces
107112 | D:11     | Bought a scroll of teleportation for 42 gold pieces
107112 | D:11     | Bought a scroll of blinking for 105 gold pieces
107112 | D:11     | Bought a scroll of fog for 56 gold pieces
107137 | D:11     | Bought a scroll of teleportation for 33 gold pieces
107137 | D:11     | Bought a scroll of enchant armour for 82 gold pieces
107137 | D:11     | Bought a scroll of teleportation for 33 gold pieces
107137 | D:11     | Bought a scroll of blinking for 82 gold pieces
107137 | D:11     | Bought a scroll of enchant armour for 82 gold pieces
107181 | D:10     | Bought a potion of heal wounds for 70 gold pieces
107181 | D:10     | Bought a potion of resistance for 140 gold pieces
107181 | D:10     | Bought a potion of might for 56 gold pieces
107258 | Orc:2    | Bought a tin of tremorstones (2/2) for 440 gold pieces
107288 | Orc:2    | Bought a scroll of fog for 48 gold pieces
107288 | Orc:2    | Bought a scroll of teleportation for 36 gold pieces
107288 | Orc:2    | Bought a scroll of teleportation for 36 gold pieces
107288 | Orc:2    | Bought a scroll of silence for 114 gold pieces
107288 | Orc:2    | Bought a scroll of teleportation for 36 gold pieces
107414 | D:6      | Bought 2 potions of haste for 260 gold pieces
107414 | D:6      | Bought a potion of might for 52 gold pieces
107769 | Vaults:5 | Entered Level 5 of the Vaults
107804 | Vaults:4 | Reached skill level 1 in Shapeshifting
108453 | Vaults:5 | Noticed a dread lich
108469 | Vaults:4 | Killed a dread lich
108852 | Vaults:5 | Reached skill level 5 in Shapeshifting
108856 | Vaults:5 | Reached skill level 22 in Armour
109111 | Vaults:5 | Identified the amulet of Otsialis {Reflect rN+ SH+5}
109281 | Vaults:5 | Identified the +4 shortbow "Futul" {freeze, Int+5}
109351 | Vaults:5 | Acquired a manual of Translocations
109492 | Vaults:5 | Gained mutation: You are powered by pain. [demonic
                  | ancestry]
109492 | Vaults:5 | Reached XP level 27. HP: 191/191 MP: 2/37
109552 | Vaults:5 | Identified the +1 cloak of Henotheism {rElec}
109691 | Vaults:5 | Identified the ring "Coukaw" {rC+ AC+4 Dex+6}
109743 | Vaults:5 | Got a silver rune of Zot
109834 | Vaults:5 | Identified the +5 chain mail of the Living Byakko {rC+}
110826 | Slime:1  | Entered Level 1 of the Pits of Slime
111373 | Slime:2  | Reached ****** piety under Lugonu
113193 | Slime:3  | Noticed Dissolution
113196 | Slime:3  | Killed Dissolution
115215 | Slime:5  | Identified the "Luent"
115215 | Slime:5  | Identified the "Huster"
115215 | Slime:5  | Entered Level 5 of the Pits of Slime
115355 | Slime:5  | Gained mutation: You sometimes lose your temper in combat.
                  | [a shining eye]
115393 | Slime:5  | Lost mutation: You sometimes lose your temper in combat.
                  | [potion of mutation]
115393 | Slime:5  | Lost mutation: You are frail. (-10% HP) [potion of
                  | mutation]
115393 | Slime:5  | Gained mutation: You are clumsy. (Dex -2) [potion of
                  | mutation]
115393 | Slime:5  | Gained mutation: You have a somewhat thin skeletal
                  | structure. (Dex +2, Stealth+) [potion of mutation]
115636 | Slime:5  | Noticed the Royal Jelly
115668 | Slime:5  | Killed the Royal Jelly
116374 | Slime:5  | Reached skill level 15 in Axes
116390 | Slime:5  | Reached skill level 10 in Shapeshifting
117038 | Slime:5  | Found the +8 pair of quick blades "Gyre" and "Gimble"
                  | {protect}
117045 | Slime:5  | Identified the +6 trident "Ciomauh" {vamp, rPois rCorr
                  | Int+2}
117061 | Slime:5  | Identified the +2 orcbow "Tocwamin" {flame, rF+ rC+ rN+}
117102 | Slime:5  | Identified the +1 whip of Ravage {flame, rElec}
117116 | Slime:5  | Identified the +1 mace "Fiwiuw" {antimagic, +Blink rPois
                  | rC- Stlth+}
117178 | Slime:5  | Got a slimy rune of Zot
117181 | Slime:5  | Identified the amulet of Seiboruyt {Spirit Dex+3}
117183 | Slime:5  | Identified the amulet "Imimm" {Spirit rPois}
118930 | Depths:1 | Identified a +9 demon trident of distortion (a +7 vampiric
                  | demon trident corrupted by Lugonu)
118930 | Depths:1 | Received a gift from Lugonu
118933 | Hell     | Entered the Vestibule of Hell
118933 | Hell     | Noticed Geryon
118937 | Hell     | Corrupted Hell
118950 | Hell     | Killed Geryon
119126 | Hell     | Found a gateway to the Iron City of Dis.
119729 | Hell     | Found a gateway to the decaying netherworld of Tartarus.
119991 | Hell     | Found a gateway to the ashen valley of Gehenna.
120046 | Hell     | Found a gateway to the freezing wastes of Cocytus.
120184 | Tomb:3   | Identified the of Ymaes
120184 | Coc:7    | Identified the "Xoxi Doco"
120184 | Dis:7    | Identified the "Xeoggunn"
120184 | Geh:1    | Entered Level 1 of Gehenna
120707 | Geh:3    | Reached skill level 23 in Armour
122557 | Geh:6    | Corrupted Geh:6
122648 | Geh:6    | Noticed a dread lich
122889 | Geh:7    | Identified the "Dawuniut"
122889 | Geh:7    | Entered Level 7 of Gehenna
124145 | Geh:7    | Identified the +6 hand axe of the Bear {drain, rPois Int+3}
124187 | Geh:7    | Noticed the Serpent of Hell
124256 | Geh:7    | Killed the Serpent of Hell
126285 | Geh:7    | Found the +13 sceptre of Asmodeus
126285 | Geh:7    | Noticed Asmodeus
126286 | Geh:7    | Corrupted Geh:7
126301 | Geh:7    | Killed Asmodeus
126302 | Geh:7    | Reached skill level 15 in Shapeshifting
126326 | Geh:7    | Got an obsidian rune of Zot
126447 | Hell     | Learned a level 4 spell: Vhi's Electric Charge
126749 | Tomb:1   | Entered Level 1 of the Tomb of the Ancients
126954 | Tomb:1   | Corrupted Tomb:1
126964 | Tomb:1   | Killed a royal mummy
126984 | Tomb:1   | Killed a royal mummy
126989 | Tomb:1   | Killed a royal mummy
126994 | Tomb:1   | Killed a royal mummy
127000 | Tomb:1   | Killed a royal mummy
127016 | Tomb:1   | Killed a royal mummy
127751 | Tomb:1   | Reached skill level 1 in Air Magic
127835 | Tomb:1   | Noticed a royal mummy
127847 | Tomb:1   | Killed a royal mummy
128008 | Tomb:1   | Noticed a royal mummy
128021 | Tomb:1   | Killed a royal mummy
128049 | Tomb:1   | Noticed a royal mummy
128065 | Tomb:1   | Killed a royal mummy
128066 | Tomb:1   | Reached skill level 1 in Spellcasting
128147 | Tomb:1   | Noticed a royal mummy
128156 | Tomb:1   | Killed a royal mummy
128277 | Tomb:1   | Noticed a royal mummy
128294 | Tomb:1   | Killed a royal mummy
128382 | Tomb:1   | Noticed a royal mummy
128389 | Tomb:1   | Killed a royal mummy
128475 | Tomb:2   | Corrupted Tomb:2
128476 | Tomb:2   | Noticed a royal mummy
128477 | Tomb:2   | Noticed a royal mummy
128478 | Tomb:2   | Noticed a royal mummy
128478 | Tomb:2   | Noticed a royal mummy
128480 | Tomb:2   | Noticed a royal mummy
128482 | Tomb:2   | Killed a royal mummy
128485 | Tomb:2   | Killed a royal mummy
128487 | Tomb:2   | Killed a royal mummy
128488 | Tomb:2   | Killed a royal mummy
128496 | Tomb:2   | Killed a royal mummy
129023 | Tomb:2   | Gained mutation: You are very clumsy. (Dex -4) [mutagenic
                  | glow]
129049 | Tomb:2   | Gained mutation: You are vulnerable to heat. (rF-)
                  | [mutagenic glow]
129837 | Coc:1    | Entered Level 1 of Cocytus
129838 | Coc:1    | Corrupted Coc:1
131549 | Coc:4    | Paralysed by a wendigo for 1 turns
131554 | Coc:4    | Paralysed by a wendigo for 1 turns
132684 | Coc:6    | Reached skill level 10 in Translocations
133341 | Coc:6    | Reached skill level 5 in Air Magic
134377 | Coc:7    | Entered Level 7 of Cocytus
135228 | Coc:7    | Paralysed by a wendigo for 1 turns
135484 | Coc:7    | Paralysed by a wendigo for 1 turns
135811 | Coc:7    | Paralysed by a wendigo for 1 turns
136085 | Coc:7    | Paralysed by a wendigo for 1 turns
136199 | Coc:7    | Paralysed by a wendigo for 1 turns
136610 | Coc:7    | Paralysed by a wendigo for 1 turns
136634 | Coc:7    | Reached skill level 5 in Spellcasting
137073 | Coc:7    | Identified the +2 great sword of Jilenor {heavy, Int+4}
137084 | Coc:7    | Identified the +3 great mace of Resourcefulness {venom,
                  | rF++ rC+ Int+5}
137209 | Coc:7    | Reached skill level 15 in Polearms
137577 | Coc:7    | Noticed Antaeus
137579 | Coc:7    | Corrupted Coc:7
137602 | Coc:7    | Killed Antaeus
137621 | Coc:7    | Got an icy rune of Zot
137630 | Coc:7    | Identified the +0 ring mail "Oreyryth" {*Slow +Inv rCorr
                  | Slay+2}
137746 | Tar:1    | Entered Level 1 of Tartarus
138738 | Tar:1    | Noticed a dread lich
138738 | Tar:1    | Noticed an ancient lich
138738 | Tar:1    | Noticed an ancient lich
138753 | Tar:1    | Killed an ancient lich
138757 | Tar:1    | Noticed an ancient lich
138758 | Tar:1    | Killed an ancient lich
138766 | Tar:1    | Paralysed by a dread lich for 3 turns
138774 | Tar:1    | Killed a dread lich
138778 | Tar:1    | Banished an ancient lich
138779 | Tar:1    | Noticed a dread lich
138784 | Tar:1    | Killed a dread lich
140990 | Tar:5    | Corrupted Tar:5
140995 | Tar:5    | HP: 13/282 [bone dragon (11)]
141802 | Tar:7    | Entered Level 7 of Tartarus
142497 | Tar:7    | Reached skill level 10 in Air Magic
142735 | Tar:7    | Identified the +9 arbalest "Ultimatum" {antimagic, rN+
                  | Str+2}
142755 | Tar:7    | Identified the +5 chain mail of Mirth {Int+2}
142811 | Tar:7    | Found the +10 tower shield of Ignorance {rN+ Int-4}
143096 | Tar:7    | Identified the +5 sling "Ikluylee" {heavy, MP+9 Str+3}
143232 | Tar:7    | Found the +8 whip "Snakebite" {venom, curare, rPois}
143258 | Tar:7    | Identified the ring of Xovvyjon {rElec rC+ EV+5}
143268 | Tar:7    | Identified the +1 falchion of Fear {heavy, rF+ rC+}
143273 | Tar:7    | Identified the +3 shortbow of the Assorted Orbs {flame,
                  | Will+}
143916 | Tar:7    | Noticed a dread lich
143922 | Tar:7    | Killed a dread lich
144097 | Tar:7    | Identified the +11 dagger of Insufficient Pleasure
                  | {protect, Fly rCorr Str-4 SInv}
144699 | Tar:7    | Identified the +5 short sword of Kuecocwo {freeze, rN+}
144893 | Tar:7    | Noticed Ereshkigal
144904 | Tar:7    | Corrupted Tar:7
144943 | Tar:7    | Killed Ereshkigal
144967 | Tar:7    | Got a bone rune of Zot
145267 | Dis:1    | Entered Level 1 of the Iron City of Dis
148066 | Dis:2    | Killed from afar by a hellion

Illustrated notes

Levels and vault maps discovered:
D:1:      amcnicky_arrival_double_pillar, layout_loops_cross,
          hellmonk_ecumenical_altar_arch_garden
D:2:      layout_loops_ring, bh_walls_and_bars
D:3:      layout_basic, nemelex_xobeh_ov_fountains_minmay,
          amcnicky_mini_pool_small
D:4:      layout_basic, nicolae_uskayaw_en_pointe, dk_yredelemnul_ordeal,
          vehumet_altar_wand_db, old_standard_altar
D:5:      layout_basic, minmay_temple_entry_overgrown, guppyfry_shop_venom,
          uniq_edmund
D:6:      nicolae_cairo_tiling_large_dashed, layout_rooms,
          mainiacjoe_overflow_concentric_impassable,
          nicolae_overflow_hidden_temple, serial_shops, shop, shop,
          nicolae_take_the_stairs, nicolae_shop_crystal, chequers_garden
D:7:      layout_cave_pods, mainiacjoe_overflow_six_doors_small, serial_shops,
          nicolae_shop_trees, minmay_fire_ice_demons
D:8:      layout_loops_ring
D:9:      cheibrodos_helix_gallery, layout_loops_ring, dpeg_lair_monsters,
          special_room [special_room_orc], uniq_maggie
D:10:     layout_roguey, xom_teletrap_fun, mainiacjoe_overflow_divided_tiny,
          david_orc_5, serial_shops, shop, nicolae_kite_square_tiling_tiny
D:11:     layout_small_grid, serial_shops, shop, nicolae_shop_waterfront,
          nicolae_shop_rolling_square, kennysheep_another_room,
          minmay_misc_feat_pillars, uniq_amaemon, uniq_psyche
D:12:     layout_loops_corners
D:13:     layout_basic, enter_trove_0
D:14:     layout_irregular_city, david_vaults_4, hangedman_decor_push,
          serial_bayou, serial_bayou_lagoon_b, serial_bayou_ford_a,
          serial_bayou_pond_d, serial_bayou_pond_c
D:15:     gammafunk_depths_entry_grave, layout_rooms, serial_shops,
          nicolae_shop_tiny_waterfront, nicolae_shop_peninsula, shop,
          nicolae_shop_drivethru, uniq_nessos, uniq_roxanne
Temple:   chequers_temple_sunken
Lair:1:   layout_regular_city, lemuel_fruit_tree
Lair:2:   layout_small_grid, minmay_swamp_entry_wisps, basic_altar, uniq_fannar
Lair:3:   beast_lair_carwin_large_4, layout_chaotic_city,
          minmay_snake_entry_six_corridors
Lair:4:   layout_roguey, minmay_slime_entry_pillars, grunt_megastairs_2
Lair:5:   minmay_lair_end_frog_pond, layout_loops_ring, uniq_rupert
Swamp:1:  layout_basic_swamp, evilmike_swamp_ruin_house_2, swamp_pool4,
          nicolae_swamp_necromancy_gone_wrong
Swamp:2:  layout_basic_swamp, nicolae_swamp_trees_clearing
Swamp:3:  layout_basic_swamp, ebering_ghost_funeral_grove,
          nicolae_swamp_feature_on_the_river_bank,
          nicolae_swamp_hydra_murder_den
Swamp:4:  swamp_alternative, layout_basic_swamp
Snake:1:  layout_cave_pods, portal_ice_cave_entry_frozen_things,
          serial_bayou_shore_a, uniq_aizul, uniq_asterion
Snake:2:  layout_layer_cave, special_room, grunt_megastairs_5, minmay_shop_grove
Snake:3:  layout_chambers, serial_shops, nicolae_shop_behind_doors, shop, shop,
          shop, nicolae_shop_overgrown_old_shop, minmay_shop_star, uniq_azrael
Snake:4:  hellmonk_snake_rune_quicksilver_temple, layout_cave_town, st_stairs_9
Slime:1:  layout_caves
Slime:2:  layout_caves
Slime:3:  layout_caves, uniq_dissolution
Slime:4:  layout_caves
Slime:5:  slime_pit_nicolae_block_by_block
Orc:1:    layout_caves, serial_shops, nicolae_shop_advertising_works
          [nicolae_subvault_shop_adworks], basic_altar,
          david_defended_altar_orc, uniq_maurice, uniq_urug
Orc:2:    st_orc_open, layout_caves, nicolae_shop_gadgets, uniq_sonja
Elf:1:    layout_geoelf_diagonals, mu_enter_wizlab_2, minmay_elf_annihilation,
          nicolae_shop_clearance, uniq_kirke
Elf:2:    elven_hall_of_blades_hangedman_alternative [mumra_blade_entry_dagger],
          layout_loops_cross, serial_shops, nicolae_shop_statue_plus,
          st_stairs_5, nicolae_danse_macabre
Elf:3:    elf_hall_gauntlet_wide, layout_geoelf_castle, basic_altar,
          serial_shops, nicolae_shop_pleasant_corner_grove,
          nicolae_elf_loose_elemental_storage
Vaults:1: nicolae_vaults_twisting_passages, nicolae_vaults_shrinking_rooms_2,
          nicolae_vaults_octothorpe, v_misc_8, v_misc_1,
          nicolae_vaults_big_angled_halls, ontoclasm_vaults_shout,
          nicolae_vaults_storage_closets_1, nicolae_vaults_hallways_thing,
          vaults_dpeg_emergency_exit, nicolae_vaults_diamond_2,
          layout_vaults_omnibox, serial_shops, shop
Vaults:2: vaults_room_pool, nicolae_vaults_big_ls,
          nicolae_vaults_oval_intersection, minmay_crypt_entry_nasty_monster,
          nicolae_vaults_circle_grid_b, ontoclasm_vaults_claustrophobia,
          grunt_vaults_hallway_long, nicolae_vaults_ring_of_whatevers,
          hangedman_vaults_stagger, nicolae_vaults_tangram_2,
          ontoclasm_vaults_tryst, nicolae_vaults_asterisk,
          nicolae_vaults_three_branches, hangedman_vaults_restitches, v_rooms_1,
          nicolae_vaults_closet_pinwheel_4, layout_vaults_maze_bifur,
          serial_shops, nicolae_shop_back_alley_shop,
          nicolae_shop_real_fake_doors
Vaults:3: nicolae_vaults_offset_grid_hallway_3,
          ontoclasm_vaults_decontamination, hangedman_vaults_corner_blocks,
          nicolae_vaults_triangles, nicolae_vaults_taking_the_gang_shopping,
          nicolae_vaults_shrinking_rooms_1, serial_ice_h,
          nicolae_vaults_what_the_h, nicolae_vaults_stepped_doors,
          nicolae_vaults_sesquioval_fish, nicolae_vaults_security_offices_2,
          layout_vaults_ring, uniq_mara
Vaults:4: st_lattice, v_misc_15, v_misc_12, vaults_room_boxed,
          nicolae_vaults_weapon_check, grunt_vaults_hallway_short,
          vaults_dpeg_hooks, nicolae_vaults_storage_room_water, v_misc_10,
          vaults_room_hallway, layout_vaults_omnigrid
Vaults:5
Crypt:1:  layout_catacombs
Crypt:2:  cheibrodos_crypt_eye_of_stone, layout_misc_corridors, basic_altar,
          grunt_ministairs_15, st_stairs_14, minmay_misc_feat_five
Crypt:3:  lightli_unholy_cathedral, layout_chaotic_city, minivault_25,
          fountainhead
Tomb:1
Tomb:2
Depths:1: layout_roguey, rand_demon_pan_entry_3, lemuel_doored_altar,
          hell_entry, grunt_ministairs_13, nicolae_hepliaklqana_hippocampus,
          minmay_shoptagon
Depths:2: minmay_swirls_squares, layout_basic, pan_entry, lightli_too_deep,
          nicolae_elevator_lobby_plus, minivault_14, lemuel_flame_loot_1
Depths:3: nicolae_herringbone, layout_basic, pan_entry,
          pf_vacation_house_of_asmodeus, serial_bayou, serial_bayou_pond_e,
          serial_bayou_shore_b, serial_bayou_lake_a, serial_bayou_crossing,
          serial_bayou_shore_b, abyss_entry_flame_altar, serial_bayou_lagoon_a,
          minmay_misc_feat_hallway
Depths:4: grunt_crosshair, layout_basic, enter_ziggurat_d, serial_shops,
          nicolae_shop_tiny_statue_garden, rand_demon_pan_entry_7,
          pf_coc_iceberg, lemuel_round_altar, minmay_st_funbox
Hell
Dis:1:    layout_jigsaw
Dis:2:    layout_jigsaw, nicolae_hells_hurtin_island
Geh:1:    layout_gehenna_lava_caves
Geh:2:    layout_gehenna_lava_caves
Geh:3:    layout_gehenna_lava_caves
Geh:4:    nicolae_geh_erupted_tower, layout_gehenna_lava_caves
Geh:5:    layout_gehenna_lava_caves, nicolae_hells_seeping_fissure
Geh:6:    layout_gehenna_pools_triple
Geh:7:    geh_grunt
Coc:1:    layout_cocytus_water_paths
Coc:2:    layout_cocytus_delve
Coc:3:    layout_cocytus_water_paths
Coc:4:    layout_ice_bergs
Coc:5:    layout_cocytus_water_paths
Coc:6:    layout_ice_bergs
Coc:7:    coc_hangedman
Tar:1:    layout_honeycomb, nicolae_hells_leichenhalle
Tar:2:    layout_cathedral_of_symmetry, nicolae_tar_honey_chapel
Tar:3:    layout_cathedral_of_symmetry
Tar:4:    layout_grid_maze
Tar:5:    layout_honeycomb, nicolae_hells_seeping_fissure
Tar:6:    layout_cathedral_of_symmetry
Tar:7:    tar_mu [tar_mu_maze]

Skill      XL: |  1  2  3  4  5  6  7  8  9 10 11 12 13 14 15 16 17 18 19 20 21 22 23 24 25 26 27 |
---------------+----------------------------------------------------------------------------------+-----
Polearms       | 2 3 4 5 6 7 8 10 11 12 13 14 16 | 16.0
Shields        | 3 4 5 6 7 8 9 10 | 10.0
Armour         | 3 4 5 6 7 8 10 11 12 13 14 15 16 17 18 19 20 21 22 23 | 23.0
Fighting       | 4 5 6 7 8 9 10 11 12 13 14 15 16 18 | 18.7
Invocations    | 1 3 5 7 8 10 11 12 13 14 15 16 17 18 19 20 22 | 22.8
Dodging        | 4 5 9 |  9.5
Evocations     | 4 5 6 7 9 10 11 12 13 | 13.9
Axes           | 3 5 6 7 8 9 10 11 12 13 15 | 15.8
Throwing       | 4 7 8 9 10 11 12 | 12.4
Translocations | 2 3 4 5 8 13 | 13.9
Earth Magic    | 2 4 6 7 8 9 |  9.0
Transmutations | 2 5 8 10 12 13 | 13.5
Shapeshifting  | 6 17 | 17.9
Air Magic      | 10 | 10.1
Spellcasting   | 7 |  7.8

Action                     |  1- 3 |  4- 6 |  7- 9 | 10-12 | 13-15 | 16-18 | 19-21 | 22-24 | 25-27 || total
---------------------------+-------+-------+-------+-------+-------+-------+-------+-------+-------++-------
  Melee: Trident           |   152 |   147 |   404 |  1051 |   664 |       |       |       |       ||  2418
         Unarmed           |       |       |     7 |       |       |     3 |       |       |       ||    10
         Demon trident     |       |       |       |       |   839 |   627 |  1406 |  2451 |  5051 || 10374
         Broad axe         |       |       |       |       |       |       |       |       |    85 ||    85
   Fire: Sling             |       |       |       |       |       |       |       |       |    18 ||    18
  Throw: Dart              |       |     5 |    17 |    26 |    16 |     3 |     3 |       |       ||    70
         Boomerang         |       |       |     7 |     7 |    15 |     5 |     4 |       |       ||    38
   Cast: Passwall          |       |       |       |       |       |       |       |       |    12 ||    12
 Invoke: Heroism           |       |       |       |     1 |     1 |       |     1 |       |       ||     3
         Receive Weapon    |       |       |       |     1 |       |       |       |       |       ||     1
         Receive Armour    |       |       |       |     1 |       |       |       |       |       ||     1
         Finesse           |       |       |       |       |     1 |     2 |     4 |     1 |       ||     8
         Duel              |       |       |       |       |       |     1 |       |       |       ||     1
         Enter the Abyss   |       |       |       |       |       |       |       |       |     1 ||     1
         Corrupt           |       |       |       |       |       |       |       |       |     9 ||     9
         Brand Weapon With |       |       |       |       |       |       |       |       |     1 ||     1
Ability: Begin Untransform |       |       |       |       |       |       |       |       |     3 ||     3
  Evoke: Wand              |       |     3 |     7 |     4 |     8 |     4 |     1 |       |    51 ||    78
         Lightning rod     |       |       |       |       |       |       |       |       |    11 ||    11
         Box of beasts     |       |       |       |       |       |       |       |       |     5 ||     5
         Phial of floods   |       |       |       |       |       |       |       |       |     4 ||     4
         Tin of tremorston |       |       |       |       |       |       |       |       |     6 ||     6
         Phantom mirror    |       |       |       |       |       |       |       |       |     5 ||     5
    Use: Scroll            |       |     9 |     7 |     5 |     6 |     2 |    13 |     3 |    38 ||    83
         Potion            |       |     2 |       |     3 |    10 |     6 |     5 |       |    49 ||    75
   Stab: Distracted        |       |       |       |     1 |       |     2 |       |     2 |    11 ||    16
         Petrified         |       |       |       |       |     1 |       |       |       |       ||     1
         Sleeping          |       |       |       |       |       |       |       |       |    13 ||    13
 Armour: Scale mail        |    70 |    39 |       |       |       |       |       |       |       ||   109
         Crystal plate arm |       |    76 |   302 |   626 |   879 |   489 |   615 |  1072 |  2431 ||  6490
         Skin              |       |       |     3 |    31 |       |     2 |       |       |   973 ||  1009
         Leather armour    |       |       |       |       |    48 |       |       |       |       ||    48
  Dodge: Dodged            |    48 |    24 |    24 |    89 |   178 |    97 |   164 |   320 |  1369 ||  2313
  Block: Buckler           |    47 |    76 |   175 |   329 |   481 |    20 |       |       |       ||  1128
         Other             |       |       |     1 |       |       |       |       |       |       ||     1
         Kite shield       |       |       |       |       |       |   356 |   863 |  1500 |  4175 ||  6894
         Reflection        |       |       |       |       |       |    41 |    97 |    52 |   100 ||   290
         Tower shield      |       |       |       |       |       |       |       |       |   577 ||   577
   Form: Statue            |       |       |       |       |       |       |       |       |     3 ||     3

Table legend: (Time is in decaauts)
 A = Elapsed time spent in this place.
 B = Non-inter-level travel time spent in this place.
 C = Inter-level travel time spent in this place.
 D = Time resting spent in this place.
 E = Time spent auto-exploring this place.
 F = Levels seen in this place.
 G = Mean time per level.
                   A        B        C        D        E       F      G
               +--------+--------+--------+--------+--------+-----+--------+
         Total | 149388 | 135345 |  14043 |  16844 |  89453 |  84 | 1778.4 |
       Dungeon |  24520 |  18590 |   5930 |   1858 |  12606 |  15 | 1634.7 |
        Temple |     39 |     24 |     15 |      0 |      0 |   1 |   39.0 |
          Lair |  13502 |  12755 |    747 |    938 |  10095 |   5 | 2700.4 |
         Swamp |   7359 |   7159 |    200 |     12 |   6441 |   4 | 1839.8 |
     Snake Pit |   9995 |   9564 |    431 |    355 |   7868 |   4 | 2498.8 |
    Slime Pits |   7708 |   6809 |    899 |     57 |   5733 |   5 | 1541.6 |
  Orcish Mines |   4746 |   4002 |    744 |    771 |   2591 |   2 | 2373.0 |
   Elven Halls |   9487 |   8770 |    717 |   1157 |   5608 |   3 | 3162.3 |
        Vaults |  15087 |  13643 |   1444 |    497 |  10311 |   5 | 3017.4 |
         Crypt |   9093 |   8345 |    748 |    254 |   6881 |   3 | 3031.0 |
          Tomb |   3953 |   3427 |    526 |   1146 |    461 |   2 | 1976.5 |
        Depths |  11998 |  11312 |    686 |    127 |   9365 |   4 | 2999.5 |
          Hell |   1246 |   1078 |    168 |      0 |    821 |   1 | 1246.0 |
           Dis |   2831 |   2821 |     10 |   1714 |    716 |   2 | 1415.5 |
       Gehenna |   6140 |   5953 |    187 |   2706 |   1177 |   7 |  877.1 |
       Cocytus |   7865 |   7652 |    213 |   2767 |   2527 |   7 | 1123.6 |
      Tartarus |   9960 |   9586 |    374 |   2123 |   4690 |   7 | 1422.9 |
         Abyss |   1388 |   1388 |      0 |    332 |    136 |   3 |  462.7 |
         Trove |     55 |     55 |      0 |      0 |      0 |   1 |   55.0 |
      Ice Cave |   2001 |   2001 |      0 |      0 |   1425 |   1 | 2001.0 |
        Wizlab |    372 |    372 |      0 |     20 |      0 |   1 |  372.0 |
         Arena |     32 |     32 |      0 |      4 |      0 |   1 |   32.0 |
               +--------+--------+--------+--------+--------+-----+--------+

Top non-repeatable levels by time:
   Tar:7: 5022 daAuts
   Elf:3: 4082 daAuts
Vaults:2: 3877 daAuts
    D:14: 3713 daAuts
   Geh:7: 3460 daAuts
Depths:4: 3414 daAuts
   Coc:7: 3383 daAuts
Depths:3: 3275 daAuts
  Lair:3: 3226 daAuts
 Crypt:3: 3214 daAuts
Vaults:1: 3192 daAuts
Vaults:3: 3117 daAuts
   Elf:1: 3074 daAuts
     D:9: 3062 daAuts
Vaults:4: 3062 daAuts
